 Dungeon Crawl Stone Soup version 0.22-a0-412-g2b68d144a4 (webtiles) character file.

30105 Kriby the Grappler (level 13, -11/127 HPs)
             Began as a Troll Monk on May 12, 2018.
             Splashed by an acid blob's acid (15 damage)
             ... on level 5 of the Lair of Beasts.
             The game lasted 00:12:20 (11491 turns).

Kriby the Grappler (Troll Monk)                    Turns: 11491, Time: 00:12:21

Health: -11/127    AC: -12   Str: 31    XL:     13   Next: 18%
Magic:  12/12      EV: 13    Int:  6    God:
Gold:   685        SH: 28    Dex: 15    Spells: 12/12 levels left

rFire    + . .     SeeInvis .     - Unarmed
rCold    . . .     Gourm    +   y - +8 large shield "Byx Ink" {rC+ Dex+3}
rNeg     . . .     Faith    .   d - +1 troll leather armour
rPois    .         Spirit   .   (helmet restricted)
rElec    .         Reflect  .   (no cloak)
rCorr    .         Harm     .   (gloves unavailable)
MR       .....                  (boots unavailable)
Stlth    ++........             (no amulet)
HPRegen  1.11/turn              i - ring of fire
MPRegen  0.13/turn              (no ring)

@: mighty, corroded, hasted, very quick
A: large, unfitting armour, claws 3, fast metabolism 3, gourmand, regeneration
1, shaggy fur 1, tough skin 2
a: no special abilities


You were on level 5 of the Lair of Beasts.
You were completely stuffed.

You visited 3 branches of the dungeon, and saw 14 of its levels.

You collected 685 gold pieces.

Inventory:

Armour
 a - a +0 robe
 d - a +1 troll leather armour (worn)
 p - a +0 shield
 y - the +8 large shield "Byx Ink" (worn) {rC+ Dex+3}
   (You found it on level 1 of the Lair of Beasts)

   It affects your dexterity (+3).
   It protects you from cold.
Jewellery
 i - a ring of fire (left claw)
 A - an uncursed ring of fire
Wands
 l - a wand of paralysis (21)
 t - a wand of iceblast (17)
 x - a wand of flame (27)
 B - a wand of disintegration (16)
Scrolls
 e - a scroll of noise
 g - 5 scrolls of teleportation
 j - 6 scrolls of identify
 n - 3 scrolls of fog
 r - 7 scrolls of remove curse
 u - 4 scrolls of blinking
 v - a scroll of torment {unknown}
 w - a scroll of magic mapping
 z - a scroll of vulnerability {unknown}
Potions
 f - a potion of ambrosia {unknown}
 h - 5 potions of heal wounds {unknown}
 k - 4 potions of brilliance {unknown}
 m - 2 potions of lignification
 o - a potion of haste
 s - 5 potions of curing
Comestibles
 b - 27 rations
 c - 14 chunks of flesh


   Skills:
 + Level 8.3 Fighting
 + Level 8.3 Dodging
 - Level 1.0 Stealth
 * Level 10.9 Shields
 * Level 13.2 Unarmed Combat


You had 12 spell levels left.
You didn't know any spells.
Your spell library contained the following spells:

 Spells                   Type           Power        Failure   Level  Hunger
 Cause Fear               Hex            #.........   100%        4    #####..
 Magic Dart               Conj           #...         80%         1    ##.....
 Conjure Flame            Conj/Fire      #.......     99%         3    ####...
 Slow                     Hex            #.......     90%         2    ###....
 Mephitic Cloud           Conj/Pois/Air  #.......     99%         3    ####...
 Blink                    Tloc           N/A          90%         2    ###....
 Call Imp                 Summ           #.......     90%         2    ###....
 Stone Arrow              Conj/Erth      #.....       99%         3    ####...
 Passwall                 Tmut/Erth      #.........   90%         2    ###....
 Corona                   Hex            #......      80%         1    ##.....
 Lee's Rapid Deconstruct  Erth           #.........   100%        5    ######.
 Sandblast                Erth           #.....       80%         1    ##.....
 Portal Projectile        Hex/Tloc       #.....       99%         3    ####...
 Petrify                  Tmut/Erth      #.......     100%        4    #####..
 Leda's Liquefaction      Hex/Erth       #.........   100%        4    #####..
 Inner Flame              Hex/Fire       #.......     99%         3    ####...


Dungeon Overview and Level Annotations

Branches:
Dungeon (10/15)            Temple (1/1) D:6            Lair (5/6) D:10
  Swamp (0/4) Lair:4       Spider (0/4) Lair:4        Slime (0/5) Lair:5
    Orc (0/2) D:9

Altars:
Ashenzari
Cheibriados
Dithmenos
Elyvilon
Fedhas
Hepliaklqana
Kikubaaqudgha
Makhleb
Okawaru
Qazlal
Ru
Trog
Uskayaw
Vehumet
Xom
Yredelemnul
Zin
The Shining One
Jiyva

Annotations:
Lair:4 exclusion: downstairs


Innate Abilities, Weirdness & Mutations

You are too large for most types of armour.
You have claws for hands.
Your metabolism is lightning-fast.
You like to eat raw meat.
Your natural rate of healing is unusually fast.
You are covered in fur. (AC +1)
You have very tough skin. (AC +2)


Message History

You scratch the acid blob.
Your claws burn!
The acid blob is lightly wounded.
You mangle the acid blob!!
Your claws burn!
The acid blob is moderately wounded.
You block the slime creature's attack. The acid blob spits acid at you.
The splash of acid hits you!
* * * LOW HITPOINT WARNING * * *
You are splashed with acid!
The acid burns!
* * * LOW HITPOINT WARNING * * *
You scratch the acid blob but do no damage.
Your claws burn!
* * * LOW HITPOINT WARNING * * *
The acid blob is moderately wounded.
You block the slime creature's attack. The acid blob spits acid at you.
The splash of acid hits you!
* * * LOW HITPOINT WARNING * * *
The acid corrodes you!
You are splashed with acid!
The acid burns!
You die...

#### ### ###
#P.###.###### ##.#
###.#....#.>.# P..#
#..>.....#...# ...##
#P......#.JJ#
....###.......##@##
.....##....†......##
....+..#...........#
.......+...........#
....##P#...........#
'#######.....<......#
.### ##....#....###
.#.### ###....##.P#
.....## #....#####


You could see an acid blob and a slime creature.

Vanquished Creatures
  An acid blob (Lair:5)
  The ghost of Kriby the Grappler, a journeyman TrGl (D:10)
  A two-headed ogre (D:9)
  11 death yaks
  Urug (Lair:4)
  A lindwurm (Lair:4)
  An oklob plant (Lair:1)
  An elephant (D:10)
  2 black mambas
  3 spiny frogs (Lair:4)
  3 rime drakes
  4 komodo dragons
  A jumping spider (Lair:4)
  A polar bear (Lair:5)
  2 trolls (D:9)
  9 blink frogs
  10 hippogriffs
  29 yaks
  A wyvern (Lair:4)
  A basilisk (D:10)
  2 hungry ghosts (D:9)
  Duvessa (D:7)
  6 water moccasins
  3 black bears
  6 porcupines
  A sky beast (D:8)
  6 orc warriors
  An ice beast (D:9)
  2 ogres
  6 wolves
  3 centaurs
  8 crocodiles
  4 bullfrogs
  Dowan (D:7)
  2 scorpions
  19 wights
  3 howler monkeys
  2 crimson imps
  A quasit (D:6)
  A bullfrog zombie (D:8)
  A hound (D:10)
  3 jellies (D:8)
  7 orc priests
  A bullfrog skeleton (D:10)
  9 orc wizards
  A centaur skeleton (D:7)
  Natasha (D:2)
  4 worker ants
  5 adders
  8 gnolls
  A shadow imp (D:10)
  6 oozes
  6 dart slugs (D:1)
  4 leopard geckos
  25 orcs
  4 giant cockroaches
  2 gnoll zombies (D:7)
  9 goblins
  6 hobgoblins
  2 jackals (D:3)
  3 kobolds
  3 quokkas
  5 bats (D:2)
  7 frilled lizards
  A quokka zombie (D:6)
  10 rats
  A plant (Lair:1)
297 creatures vanquished.

Vanquished Creatures (others)
  7 fungi
7 creatures vanquished.

Grand Total: 304 creatures vanquished

Notes
Turn   | Place    | Note
-------+----------+-------------------------------------------
     0 | D:1      | Kriby the Troll Monk began the quest for the Orb.
     0 | D:1      | Reached XP level 1. HP: 22/22 MP: 0/0
    47 | D:1      | Reached XP level 2. HP: 29/29 MP: 1/1
   254 | D:1      | Reached XP level 3. HP: 36/36 MP: 2/2
   643 | D:2      | Reached skill level 4 in Unarmed Combat
   796 | D:2      | Found a shadowy altar of Dithmenos.
   799 | D:2      | Reached XP level 4. HP: 40/45 MP: 3/3
   935 | D:2      | Found a hazy altar of Hepliaklqana.
  1139 | D:2      | Noticed Natasha
  1146 | D:2      | Killed Natasha
  1256 | D:3      | You fall through a shaft for 3 floors!
  1387 | D:6      | Reached skill level 1 in Shields
  1394 | D:6      | Reached XP level 5. HP: 4/53 MP: 4/4
  1947 | D:6      | Noticed an orc warrior
  1962 | D:6      | Killed an orc warrior
  1965 | D:6      | Reached XP level 6. HP: 54/61 MP: 5/5
  2102 | D:6      | Found a bloodstained altar of Trog.
  2137 | D:6      | Reached skill level 5 in Unarmed Combat
  2146 | D:6      | Found a staircase to the Ecumenical Temple.
  2375 | Temple   | Entered the Ecumenical Temple
  2738 | D:7      | Noticed Dowan
  2739 | D:7      | Noticed Duvessa
  2747 | D:7      | Killed Duvessa
  2747 | D:7      | Reached XP level 7. HP: 67/67 MP: 6/6
  2748 | D:7      | Killed Dowan
  3088 | D:7      | Found a basalt altar of Yredelemnul.
  3236 | D:7      | Found an iron altar of Okawaru.
  3508 | D:7      | Reached skill level 6 in Unarmed Combat
  3660 | D:8      | Reached XP level 8. HP: 58/78 MP: 7/7
  3901 | D:8      | Found a shattered altar of Ashenzari.
  3902 | D:8      | Found a glowing golden altar of the Shining One.
  3902 | D:8      | Found a snail-covered altar of Cheibriados.
  4107 | D:8      | Noticed a hippogriff
  4119 | D:8      | Killed a hippogriff
  4119 | D:8      | Reached skill level 7 in Unarmed Combat
  4280 | D:8      | Reached skill level 5 in Shields
  4300 | D:8      | Noticed a hippogriff
  4319 | D:8      | Killed a hippogriff
  4685 | D:9      | Found a bloodstained altar of Trog.
  4693 | D:9      | Reached XP level 9. HP: 65/85 MP: 8/8
  4743 | D:9      | Noticed a troll
  4744 | D:9      | Noticed a two-headed ogre
  4751 | D:9      | Killed a troll
  4763 | D:9      | Reached skill level 8 in Unarmed Combat
  4768 | D:9      | Killed a two-headed ogre
  4768 | D:9      | Reached skill level 5 in Fighting
  4768 | D:9      | Reached skill level 5 in Dodging
  5346 | D:9      | Reached skill level 9 in Unarmed Combat
  5470 | D:9      | Reached XP level 10. HP: 96/96 MP: 9/9
  5805 | D:9      | Found a staircase to the Orcish Mines.
  6194 | D:10     | Entered Level 10 of the Dungeon
  6231 | D:10     | Noticed Kriby's ghost (journeyman TrGl)
  6263 | D:10     | Killed Kriby's ghost
  6360 | D:10     | Found a staircase to the Lair.
  6360 | D:10     | Noticed an elephant
  6387 | D:10     | Killed an elephant
  6387 | D:10     | Reached skill level 10 in Unarmed Combat
  7073 | Lair:1   | Entered Level 1 of the Lair of Beasts
  7171 | Lair:1   | Reached XP level 11. HP: 90/106 MP: 10/10
  7293 | Lair:1   | Noticed an oklob plant
  7334 | Lair:1   | Killed an oklob plant
  7337 | Lair:1   | Got a steaming large shield
  7342 | Lair:1   | Identified the +8 large shield "Byx Ink" {rC+ Dex+3} (You found it on level 1 of the Lair of Beasts)
  8417 | Lair:2   | Reached skill level 11 in Unarmed Combat
  9059 | Lair:3   | Noticed a death yak
  9060 | Lair:3   | Noticed a death yak
  9063 | Lair:3   | Noticed a death yak
  9068 | Lair:3   | Noticed a death yak
  9069 | Lair:3   | Noticed a death yak
  9083 | Lair:3   | Killed a death yak
  9092 | Lair:3   | Killed a death yak
  9105 | Lair:3   | Killed a death yak
  9114 | Lair:3   | Killed a death yak
  9129 | Lair:3   | Killed a death yak
  9861 | Lair:4   | Noticed Urug
  9896 | Lair:4   | Killed Urug
  9896 | Lair:4   | Reached XP level 12. HP: 81/118 MP: 11/11
 10053 | Lair:4   | Reached skill level 12 in Unarmed Combat
 10054 | Lair:4   | Found a hole to the Spider Nest.
 10427 | Lair:4   | Found a staircase to the Swamp.
 10591 | Lair:4   | Reached skill level 10 in Shields
 10840 | Lair:5   | Noticed a five-headed hydra
 10947 | Lair:5   | Noticed a death yak
 10948 | Lair:5   | Noticed a death yak
 10949 | Lair:5   | Noticed a death yak
 10949 | Lair:5   | Noticed a death yak
 10950 | Lair:5   | Noticed a death yak
 10953 | Lair:5   | Noticed a death yak
 10960 | Lair:5   | Killed a death yak
 10973 | Lair:5   | Killed a death yak
 10979 | Lair:5   | Killed a death yak
 10986 | Lair:5   | Killed a death yak
 10997 | Lair:5   | Killed a death yak
 11010 | Lair:5   | Killed a death yak
 11288 | Lair:5   | Reached skill level 13 in Unarmed Combat
 11293 | Lair:5   | Reached XP level 13. HP: 127/127 MP: 12/12
 11465 | Lair:5   | Found a runed door.
 11465 | Lair:5   | Found a viscous altar of Jiyva.
 11466 | Lair:5   | Noticed an acid blob
 11474 | Lair:5   | Found a staircase to the Slime Pits.
 11474 | Lair:5   | Noticed an acid blob
 11487 | Lair:5   | Killed an acid blob
 11491 | Lair:5   | HP: 4/127 [acid blob/splash of acid (11)]
 11491 | Lair:5   | Splashed by an acid blob's acid

Vault maps used:
D:1:      mushboom_english_gardens
D:2:      old_standard_altar, lemuel_crystal_altar, minmay_nonomino_d4,
          uniq_natasha
D:3:      nicolae_overflow_hidden_temple, chequers_ecumenical_altar_island,
          first_ration
D:6:      kennysheep_little_box, minmay_temple_entry_hall
D:7:      overflow_temple_1_default, lemuel_zombie_altar_yredelemnul,
          uniq_duvessa
D:8:      grunt_temple_overflow_open, hangedman_little_slice_of_home
D:9:      david_orc_4, trog_ov_bears_minmay
D:10:     david_lair_generic, kennysheep_small_circle
Temple:   eino_wide_crystal_templ
Lair:1:   beast_lair_carwin_2, minmay_lair_oklob_chamber
Lair:2:   beast_lair_carwin_11
Lair:4:   swamp_mist, spider_nest_entry_rubble, nicolae_volcano_entry_vermiform,
          lemuel_old_faithful, uniq_urug
Lair:5:   slime_altar_2, grunt_megastairs_3

Skill      XL: |  1  2  3  4  5  6  7  8  9 10 11 12 |
---------------+-------------------------------------+-----
Unarmed Combat | 4 5 6 7 9 10 11 13 | 13.2
Fighting       | 3 4 5 6 7 8 |  8.3
Dodging        | 3 4 5 6 7 8 |  8.3
Shields        | 1 2 3 5 6 8 9 10 | 10.9
Stealth        | |  1.0

Action                   |  1- 3 |  4- 6 |  7- 9 | 10-12 | 13-15 || total
-------------------------+-------+-------+-------+-------+-------++-------
Melee: Unarmed           |    83 |   107 |   247 |   663 |    73 ||  1173
       Punch             |     1 |       |       |       |       ||     1
Evoke: Wand              |       |       |     6 |     6 |       ||    12
  Use: Potion            |       |     5 |     2 |     2 |     2 ||    11
       Scroll            |       |       |    11 |     4 |       ||    15
 Stab: Sleeping          |     3 |     2 |     1 |     2 |       ||     8
       Invisible         |       |       |     2 |       |       ||     2
  Eat: Chunk             |    13 |    17 |    25 |    56 |     2 ||   113
Armor: Robe              |    28 |    34 |    43 |       |       ||   105
       Skin              |       |    40 |       |       |       ||    40
       Troll leather arm |       |       |    10 |    55 |     2 ||    67
Dodge: Dodged            |    37 |    34 |    81 |   139 |    12 ||   303
Block: Shield            |       |    47 |   103 |   106 |       ||   256
       Large shield      |       |       |       |   336 |    57 ||   393

Table legend:
 A = Spawn XP
 B = Non-spawn XP
 C = Spawn XP percentage of total XP
 D = Spawn monster count
 E = Non-spawn monster count
 F = Spawn count percentage of total count
 G = Total turns spent on level
                    A         B        C        D         E        F      G
               +---------+---------+-------+---------+---------+-------+---------
         Total |       0 |   43008 |   0.0 |       0 |     296 |   0.0 | 11491
               +---------+---------+-------+---------+---------+-------+---------
           D:1 |       0 |      52 |   0.0 |       0 |      25 |   0.0 |   528
           D:2 |       0 |      98 |   0.0 |       0 |      25 |   0.0 |   656
           D:3 |       0 |       7 |   0.0 |       0 |       5 |   0.0 |    72
           D:6 |       0 |     317 |   0.0 |       0 |      14 |   0.0 |  1206
           D:7 |       0 |     885 |   0.0 |       0 |      23 |   0.0 |  1116
           D:8 |       0 |    1863 |   0.0 |       0 |      31 |   0.0 |  1251
           D:9 |       0 |    3957 |   0.0 |       0 |      48 |   0.0 |  1293
          D:10 |       0 |    3347 |   0.0 |       0 |      25 |   0.0 |   879
        Lair:1 |       0 |    2914 |   0.0 |       0 |      17 |   0.0 |   688
        Lair:2 |       0 |    2301 |   0.0 |       0 |       9 |   0.0 |   892
        Lair:3 |       0 |    5637 |   0.0 |       0 |      11 |   0.0 |  1155
        Lair:4 |       0 |    7532 |   0.0 |       0 |      26 |   0.0 |  1072
        Lair:5 |       0 |   14098 |   0.0 |       0 |      37 |   0.0 |   611
               +---------+---------+-------+---------+---------+-------+---------
